 Dungeon Crawl Stone Soup version 0.29.1-1-gd02db6906a (webtiles) character file.

Game seed: 3652905718235830624

403 Homeless the Carver (level 6, -20/51 HPs)
             Began as a Minotaur Berserker on Oct 20, 2022.
             Was a Follower of Trog.
             Demolished by an ogre
             ... wielding a +7 great mace
              (22 damage)
             ... on level 3 of the Dungeon.
             The game lasted 00:09:04 (7870 turns).

Homeless the Carver (Minotaur Berserker)            Turns: 7870, Time: 00:09:05

Health: -20/51     AC:  7    Str: 23    XL:     6   Next: 55%
Magic:  5/5        EV: 11    Int:  4    God:    Trog [*.....]
Gold:   153        SH:  0    Dex: 16    Spells: 5/5 levels left

rFire   . . .      SeeInvis .   d - +0 long sword
rCold   . . .      Faith    .   (no shield)
rNeg    . . .      Spirit   .   a - +2 ring mail {Will+}
rPois   +          Reflect  .   (helmet restricted)
rElec   .          Harm     .   (no cloak)
rCorr   .          Rampage  .   (no gloves)
Will    +....                   (no boots)
Stlth   +.........              (no amulet)
HPRegen 0.17/turn               h - +6 ring of dexterity
MPRegen 0.09/turn               g - ring of poison resistance

@: on berserk cooldown, slowed, very slow
A: horns 2, retaliatory headbutt
a: Renounce Religion, Berserk


You were on level 3 of the Dungeon.
You worshipped Trog.
Trog was aware of your devotion.
You visited 1 branch of the dungeon, and saw 4 of its levels.

You collected 153 gold pieces.

Inventory:

Hand Weapons
 d - a +0 long sword (weapon)
Missiles
 j - 6 poisoned darts (quivered)
Armour
 a - a +2 ring mail of willpower (worn)
Jewellery
 g - a ring of poison resistance (right hand)
 h - a +6 ring of dexterity (left hand)
 o - a ring of ice
Scrolls
 b - a scroll of fear
 e - 3 scrolls of magic mapping
 f - a scroll of summoning
 k - a scroll of teleportation
Potions
 c - a potion of resistance
 i - a potion of flight
 l - a potion of heal wounds
 p - 2 potions of degeneration {unknown}


   Skills:
 - Level 3.6 Fighting
 - Level 2.8(5.6) Short Blades
 * Level 8.3(8.6) Long Blades
 - Level 2.4 Armour
 - Level 2.1 Dodging


You had 5 spell levels left.
You didn't know any spells.
Your spell library was empty.

Dungeon Overview and Level Annotations

Branches:
Dungeon (4/15)
 Temple: D:4-7

Altars:
Qazlal

Shops:
D:1 *   D:2 **

Annotations:
D:3 1 transporter, SINSOJ's ghost, amateur MiBe


Innate Abilities, Weirdness & Mutations

You have a pair of horns on your head.
You reflexively headbutt those who attack you in melee.


Message History

SINSOJ's ghost hits you but does no damage.
You closely miss SINSOJ's ghost.
SINSOJ's ghost is lightly damaged.
SINSOJ's ghost hits you. SINSOJ's ghost barely misses you.
You closely miss SINSOJ's ghost.
SINSOJ's ghost is lightly damaged.
Your transformation is almost over.
SINSOJ's ghost hits you but does no damage.
You barely miss SINSOJ's ghost.
SINSOJ's ghost is lightly damaged.
SINSOJ's ghost hits you but does no damage.
SINSOJ's ghost says, "Crushing you to a pulp will hurt a lot.
After that?
Painless!
I promise!"
SINSOJ's ghost hits you but does no damage.
You barely miss SINSOJ's ghost.
SINSOJ's ghost is lightly damaged.
SINSOJ's ghost hits you but does no damage.
You closely miss SINSOJ's ghost.
SINSOJ's ghost is lightly damaged.
SINSOJ's ghost completely misses you. SINSOJ's ghost barely misses you.
You slash SINSOJ's ghost!
SINSOJ's ghost is moderately damaged.
SINSOJ's ghost hits you but does no damage.
You closely miss SINSOJ's ghost.
SINSOJ's ghost is moderately damaged.
SINSOJ's ghost hits you but does no damage.
The ogre hits you but does no damage.
SINSOJ's ghost hits you but does no damage.
You slash SINSOJ's ghost!
SINSOJ's ghost is heavily damaged.
You feel less wooden.
Your +2 ring mail of willpower unmelds from your body.
You feel strong-willed. SINSOJ's ghost hits you!
The ogre hits you with a +7 great mace!!
* * * LOW HITPOINT WARNING * * *
You hit the ogre.
The ogre is moderately wounded.
SINSOJ's ghost hits you!
* * * LOW HITPOINT WARNING * * *
The ogre hits you with a +7 great mace!!
You die...

....##.####.##.##.##.# #.#
....##...)#.##.##.##.# #.#
....##.##.#.##.##.##.######.#####
....##.##.#.##.#......#.........#
.#.....##.#.##.#..##.##.###.###..
....#####...##.########..##.##...
...#....)>..####......#..##.##.##
#.#.######.## #.O##?.#..##.##.#
#.#.....##.# #@#$.#.#..##.##.#
#.......##.# #W#.!#.#..<..##.##
######).##.#####O.##W"#§........#
#.........#©....O#...####..#
##.#...####..##..#©.## #..#
#.#......#.#..#.#..# #..#
#.#...####.#..#.#..# #... #.#####
#.?##..#..#####.## #.#
#.....©#...##...##


You could see 2 ogres and SINSOJ's ghost.

Vanquished Creatures
  A black bear (D:4)
  A hound (D:4)
  An orc priest (D:4)
  An iguana (D:3)
  Natasha (thrice) (D:2)
  An orc wizard (D:4)
  Terence (D:2)
  3 adders
  A worm (D:2)
  3 dart slugs
  3 orcs
  3 endoplasms
  3 giant cockroaches
  8 hobgoblins
  4 quokkas
  4 ball pythons
  7 bats
  4 frilled lizards
  6 goblins
  12 kobolds
  5 rats
75 creatures vanquished.

Vanquished Creatures (others)
  A fungus (D:2)
  5 plants (D:2)
6 creatures vanquished.

Grand Total: 81 creatures vanquished

Notes
Turn   | Place    | Note
-------+----------+-------------------------------------------
     0 | D:1      | Homeless the Minotaur Berserker began the quest for the
                  | Orb.
     0 | D:1      | Reached XP level 1. HP: 19/19 MP: 0/0
   168 | D:1      | Reached skill level 1 in Short Blades
   319 | D:1      | Reached XP level 2. HP: 26/26 MP: 1/1
   946 | D:1      | Found Dehauck's General Store.
  1479 | D:2      | Found Lod Xaop's General Store.
  1527 | D:2      | Reached XP level 3. HP: 28/31 MP: 2/2
  1574 | D:2      | Noticed Natasha
  1585 | D:2      | HP: 2/46 [crimson imp[Natasha] (2)]
  1586 | D:2      | Killed Natasha
  1587 | D:2      | Reached skill level 4 in Long Blades
  2188 | D:2      | Reached skill level 5 in Long Blades
  2188 | D:2      | Reached XP level 4. HP: 33/39 MP: 3/3
  2234 | D:2      | Found Otuceami's General Store.
  2401 | D:2      | Noticed Natasha
  2421 | D:2      | Killed Natasha
  2421 | D:2      | Reached ** piety under Trog
  3733 | D:2      | Found a faded altar of an unknown god.
  3738 | D:2      | Noticed Natasha
  3745 | D:2      | Killed Natasha
  3746 | D:2      | Reached skill level 6 in Long Blades
  4156 | D:2      | Reached XP level 5. HP: 43/45 MP: 4/4
  4214 | D:2      | Noticed Terence
  4222 | D:2      | Killed Terence
  5559 | D:3      | Found a transporter.
  5563 | D:3      | Noticed SINSOJ's ghost (amateur MiBe)
  5563 | D:3      | Noticed an ogre
  5564 | D:3      | Found a transporter.
  5566 | D:3      | Noticed an ogre
  6293 | D:4      | Reached skill level 7 in Long Blades
  6298 | D:4      | Reached XP level 6. HP: 51/51 MP: 5/5
  6723 | D:4      | Found a stormy altar of Qazlal.
  6924 | D:4      | Reached skill level 8 in Long Blades
  7870 | D:3      | HP: 2/51 [SINSOJ's ghost (8)]
  7870 | D:3      | Demolished by an ogre

Illustrated notes

Levels and vault maps discovered:
D:1:      reono_arrival_mine, layout_loops_cross, serial_shops,
          nicolae_shop_behind_doors
D:2:      layout_basic, shapermc_ecumenical_altar_acropolis, serial_shops, shop,
          shop, uniq_natasha, uniq_terence
D:3:      layout_loops_ring, gammafunk_ghost_smash
D:4:      layout_loops_corners, nicolae_qazlal_general_emergency

Skill      XL: |  1  2  3  4  5  6 |
---------------+-------------------+-----
Short Blades   | 1 2 |  2.8
Long Blades    | 5 6 7 8 |  8.3
Fighting       | |  3.6
Armour         | |  2.4
Dodging        | |  2.1

Action                   |  1- 3 |  4- 6 || total
-------------------------+-------+-------++-------
Melee: Falchion          |    48 |       ||    48
       Headbutt          |    16 |    11 ||    27
       Long sword        |    36 |   112 ||   148
       Punch             |     1 |     1 ||     2
Invok: Berserk           |     1 |     6 ||     7
  Use: Potion            |     2 |     6 ||     8
       Scroll            |     1 |     6 ||     7
Armor: Animal skin       |     2 |       ||     2
       Ring mail         |     6 |    31 ||    37
       Skin              |       |    13 ||    13
Dodge: Dodged            |    59 |    58 ||   117
